 Dungeon Crawl Stone Soup version 0.28-a0-384-g9e0c098162 (webtiles) character file.

Game seed: 9601255717605397621

66495 siradein the Demolition Vine Stalker (level 15, -15/67 HPs)
             Began as a Vine Stalker Fighter on Sept 2, 2021.
             Was an Elder of Makhleb.
             Demolished by Snorg (17 damage)
             ... on level 6 of the Lair of Beasts.
             The game lasted 00:54:09 (17601 turns).

siradein the Demolition Vine Stalker (VSFi)        Turns: 17601, Time: 00:54:10

Health: -15/67     AC: 20    Str: 29    XL:     15   Next: 20%
Magic:  0/37       EV:  7    Int:  8    God:    Makhleb [****..]
Gold:   1350       SH: 11    Dex: 14    Spells: 14/14 levels left

rFire   . . .      SeeInvis +   I - +6 long sword (freeze)
rCold   + + .      Faith    .   t - +0 kite shield
rNeg    . . .      Spirit   +   H - +5 chain mail of the Playwright {rC++ Str+4}
rPois   +          Reflect  .   M - +2 helmet {SInv}
rElec   .          Harm     .   j - scarf {repulsion}
rCorr   .          Rampage  .   D - +0 pair of gloves
Will    +....                   (no boots)
Stlth   ..........              i - amulet of regeneration
HPRegen 2.21/turn               h - ring of poison resistance
MPRegen 0.25/turn               y - ring of magical power

@: repel missiles
A: fangs 3, regeneration 1, magic shield, antimagic bite, no potion heal 2
a: Renounce Religion, Minor Destruction, Lesser Servant of Makhleb, Major
Destruction


You were on level 6 of the Lair of Beasts.
You worshipped Makhleb.
Makhleb was greatly pleased with you.
You visited 3 branches of the dungeon, and saw 18 of its levels.
You also visited: Ice Cave.

You collected 1350 gold pieces.

Inventory:

Hand Weapons
 u - the +7 mace "Marog" {vorpal, Dex+4 Stlth+}
   (You found it on level 7 of the Dungeon)

   It inflicts extra damage upon your enemies.
   Dex:       It affects your dexterity (+4).
   Stlth:     It makes you more stealthy.
 I - a +6 long sword of freezing (weapon)
Missiles
 d - 7 javelins
 q - 4 throwing nets
 x - 32 poisoned darts
Armour
 j - a scarf of repulsion (worn)
 t - a +0 kite shield (worn)
 D - a +0 pair of gloves (worn)
 H - the +5 chain mail of the Playwright (worn) {rC++ Str+4}
   (You found it on level 8 of the Dungeon)

   Str:       It affects your strength (+4).
   rC:        It greatly protects you from cold.
 M - a +2 helmet of see invisible (worn)
Jewellery
 h - a ring of poison resistance (left hand)
 i - an amulet of regeneration (around neck)
 p - a ring of protection from fire
 y - a ring of magical power (right hand)
 A - a ring of fire
 C - a ring of fire
 Q - a +4 ring of evasion
 U - a +6 ring of dexterity
 X - a +6 ring of dexterity
Wands
 a - a wand of digging (4)
 m - a wand of flame (31)
 E - a wand of mindburst (4)
 F - a wand of iceblast (31)
 L - a wand of acid (22)
 N - a wand of polymorph (5)
Scrolls
 e - 4 scrolls of enchant armour
 f - 5 scrolls of teleportation
 k - 3 scrolls of vulnerability
 n - 5 scrolls of enchant weapon
 r - 3 scrolls of summoning
 s - 2 scrolls of holy word
 G - 2 scrolls of acquirement
 O - 2 scrolls of noise {unknown}
 R - 7 scrolls of fear
 T - a scroll of amnesia
 W - a scroll of brand weapon
 Y - a scroll of identify
Potions
 b - 4 potions of heal wounds
 c - a potion of magic
 g - 8 potions of curing
 l - a potion of brilliance {unknown}
 o - 3 potions of cancellation
 v - 2 potions of invisibility {unknown}
 w - 5 potions of attraction
 z - a potion of berserk rage {unknown}
 J - 6 potions of flight {unknown}
 P - a potion of might
 S - a potion of ambrosia {unknown}
 V - a potion of lignification {unknown}
Miscellaneous
 B - a piece from Xom's chessboard (15/15)
 K - a phial of floods


   Skills:
 - Level 2.6 Fighting
 - Level 14.0 Long Blades
 + Level 8.2 Armour
 + Level 9.0 Shields
 * Level 16.4 Invocations


You had 14 spell levels left.
You didn't know any spells.
Your spell library contained the following spells:

 Spells                   Type           Power      Damage    Failure   Level
 Animate Skeleton         Necr           0%         N/A       99%         1
 Apportation              Tloc           0%         N/A       99%         1
 Corona                   Hex            0%         N/A       99%         1
 Summon Small Mammal      Summ           0%         N/A       99%         1
 Corpse Rot               Necr/Air       N/A        N/A       99%         2
 Passwall                 Tmut/Erth      0%         N/A       99%         2
 Poisonous Vapours        Pois/Air       0%         N/A       99%         2
 Conjure Flame            Conj/Fire      0%         6-21      100%        3
 Ignite Poison            Fire/Tmut/Pois 0%         N/A       100%        3
 Swiftness                Air            0%         N/A       100%        3
 Animate Armour           Summ/Erth      0%         N/A       100%        4
 Hailstorm                Conj/Ice       0%         3d3       100%        4
 Ice Form                 Ice/Tmut       0%         N/A       100%        4
 Sticky Flame             Conj/Fire      0%         2d3       100%        4
 Blade Hands              Tmut           0%         N/A       100%        5
 Freezing Cloud           Conj/Ice/Air   0%         6-21      100%        5
 Invisibility             Hex            0%         N/A       100%        6
 Iron Shot                Conj/Erth      0%         9d1       100%        6
 Simulacrum               Ice/Necr       0%         N/A       100%        6
 Chain Lightning          Conj/Air       0%         N/A       100%        9
 Fire Storm               Conj/Fire      0%         5d1       100%        9


Dungeon Overview and Level Annotations

Branches:
Dungeon (11/15)            Temple (1/1) D:7            Lair (6/6) D:10
  Swamp (0/4) Lair:4        Snake (0/4) Lair:4          Orc (0/2) D:11
  IceCv (visited)
  Slime: Lair:5-6

Altars:
Ashenzari
Cheibriados
Dithmenos
Elyvilon
Fedhas
Gozag
Hepliaklqana
Kikubaaqudgha
Makhleb
Nemelex Xobeh
Okawaru
Qazlal
Ru
Sif Muna
Trog
Uskayaw
Vehumet
Wu Jian
Xom
Yredelemnul
Zin
The Shining One
Jiyva

Shops:
D:6 =   D:7 (   D:8 *   D:11 *

Annotations:
Lair:4 3 runed translucent doors, Xutikh's ghost, journeyman SpCA
Lair:6 Snorg


Innate Abilities, Weirdness & Mutations

You have razor-sharp teeth.
Your natural rate of healing is unusually fast.
When hurt, damage is shared between your health and your magic reserves.
Your bite disrupts and absorbs the magic of your enemies.
Potions cannot restore your health.


Message History

Snorg is heavily wounded.
Snorg closely misses you. Snorg barely misses you. Snorg claws you!
You slash Snorg! You freeze Snorg. You bite Snorg! You drain her power.
You feel invigorated.
Snorg is severely wounded.
Snorg bites you but does no damage. Snorg barely misses you.
Snorg claws you but does no damage.
Your chain mail of the Playwright prevents you from hitting Snorg.
Snorg is severely wounded.
Snorg goes berserk!
You closely miss Snorg. Your bite misses Snorg.
Snorg is severely wounded.
You block Snorg's attack. Snorg claws you. Snorg claws you but does no damage.
You closely miss Snorg. Your bite misses Snorg.
Snorg is severely wounded.
Snorg closely misses you. Snorg claws you! x2
You slash Snorg! You freeze Snorg. Your bite misses Snorg.
Snorg is severely wounded.
Snorg bites you! Snorg barely misses you. Snorg claws you but does no damage.
You slash Snorg! You freeze Snorg.
Snorg is almost dead.
Snorg bites you! Snorg claws you. Snorg claws you!
You are too injured to fight recklessly!
You are too injured to fight recklessly!
Snorg bites you! You block Snorg's attack. Snorg claws you but does no damage.
You see here a +0 ring mail.
Snorg rages.
You block Snorg's attack. x2; Snorg claws you but does no damage.
Snorg bites you but does no damage. Snorg claws you but does no damage. x2
You block Snorg's attack. Snorg claws you! Snorg claws you but does no damage.
You block Snorg's attack. Snorg claws you. You block Snorg's attack.
You slice Snorg!! You freeze Snorg. Your bite misses Snorg.
Snorg is almost dead.
You block Snorg's attack. Snorg claws you!
* * * LOW HITPOINT WARNING * * *
Snorg claws you but does no damage.
A demon appears!
Snorg bites you!!
* * * LOW HITPOINT WARNING * * *
You block Snorg's attack. Snorg claws you!!
You die...

.# ####.#.### §##.......#.....
.###.≈#.....## ##≈#.............
.##≈...≈.....####≈.#.............
.........≈...≈##.................
..[......8..†....................
............................≈≈≈≈.
.....[...††.................≈≈#≈.
..........†..†....3........<≈≈≈≈.
................@...........≈≈≈Y.
......##.........T...............
.....P..........÷................
.................................
.≈≈≈§........≈≈≈≈................
###≈#######.####≈..........≈≈≈...
### #######.....[†....≈#..#
#..#....#..P....≈..≈
###.P..#..P........§


You could see Snorg (berserk, ally target) and a friendly smoke demon
(summoned).

Vanquished Creatures
  The ghost of bearlyready the Carver, a journeyman GnCA of Ignis (D:11)
  Fannar (Lair:2)
  Harold (D:11)
  Erolcha (D:11)
  A boulder beetle (Lair:6)
  2 hydras
  2 two-headed ogres
  3 catoblepae
  The ghost of Spaninq the Cruncher, a novice TrWr of Gozag (D:10)
  17 death yaks
  Urug (D:10)
  A skeletal warrior (D:11)
  A lindwurm (Lair:6)
  A wolf spider (D:11)
  3 manticores
  2 oklob plants
  4 black mambas
  11 elephants (Lair:6)
  7 cane toads
  A gargoyle (D:10)
  3 kobold demonologists
  2 ice devils (D:11)
  9 rime drakes
  6 komodo dragons
  3 trolls
  A polar bear (Lair:4)
  2 dream sheep (Lair:6)
  15 blink frogs
  5 slime creatures (D:11)
  36 yaks
  6 wyverns
  2 basilisks
  10 steam dragons (Lair:6)
  4 vampire mosquitoes (D:11)
  3 neqoxecs (D:10)
  23 water moccasins
  An ice beast (D:7)
  A black bear (D:8)
  10 orc warriors
  4 centaurs
  20 wolves
  4 kobold brigands (D:10)
  4 phantoms
  11 bullfrogs
  A gnoll sergeant (D:11)
  5 scorpions
  A wyvern zombie (D:7)
  A wyvern skeleton (D:5)
  8 wights
  A lindwurm simulacrum (IceCv)
  A howler monkey (D:4)
  4 komodo dragon simulacra (IceCv)
  3 quasits (D:10)
  3 centaur zombies
  2 hounds
  A jelly (D:8)
  5 orc priests
  Crazy Yiuf (D:3)
  A bullfrog skeleton (D:6)
  An iron imp (D:9)
  2 iguanas
  Ijyb (D:3)
  A scorpion zombie (D:5)
  2 hell rats (Lair:2)
  9 orc wizards
  A statue (D:5)
  A killer bee zombie (D:8)
  A howler monkey zombie (D:9)
  7 adders
  12 gnolls
  2 acid dragon simulacra (IceCv)
  10 river rats (Lair:2)
  5 steam dragon simulacra (IceCv)
  5 worms
  4 dart slugs
  41 orcs
  8 bats
  10 endoplasms
  5 giant cockroaches
  2 goblins
  8 hobgoblins
  17 jackals
  16 kobolds
  4 quokkas
  8 ball pythons
  6 frilled lizards
  A quokka skeleton (D:4)
  5 rats
480 creatures vanquished.

Vanquished Creatures (collateral kills)
  A fire dragon (D:11)
  A hydra (Lair:6)
  3 death yaks
  A fire crab (Lair:6)
  4 black mambas (Lair:4)
  5 elephants (Lair:6)
  A rime drake (Lair:4)
  A komodo dragon (Lair:4)
  2 dream sheep (Lair:6)
  2 blink frogs (Lair:6)
  A yak (Lair:3)
  A steam dragon (Lair:6)
  A water moccasin (Lair:6)
  A bullfrog (Lair:3)
  2 river rats (Lair:2)
27 creatures vanquished.

Vanquished Creatures (others)
  A rime drake (Lair:6)
  43 fungi
  47 plants
91 creatures vanquished.

Grand Total: 598 creatures vanquished

Notes
Turn   | Place    | Note
-------+----------+-------------------------------------------
     0 | D:1      | siradein the Vine Stalker Fighter began the quest for the
                  | Orb.
     0 | D:1      | Reached XP level 1. HP: 11/11 MP: 2/2
   209 | D:1      | Reached XP level 2. HP: 12/16 MP: 1/3
   423 | D:1      | Reached XP level 3. HP: 15/19 MP: 4/4
  1443 | D:1      | Gained mutation: Your natural rate of healing is unusually
                  | fast. [Vine Stalker growth]
  1443 | D:1      | Reached XP level 4. HP: 23/23 MP: 5/5
  1972 | D:2      | Reached XP level 5. HP: 18/27 MP: 3/6
  2624 | D:3      | Reached skill level 5 in Long Blades
  2738 | D:3      | Noticed Ijyb
  2754 | D:3      | Killed Ijyb
  3085 | D:3      | Found a runed translucent door.
  3086 | D:3      | Noticed Crazy Yiuf
  3243 | D:4      | Reached XP level 6. HP: 26/32 MP: 1/7
  3712 | D:4      | Reached XP level 7. HP: 26/35 MP: 4/8
  3792 | D:4      | Found a sacrificial altar of Ru.
  4177 | D:5      | Entered Level 5 of the Dungeon
  4338 | D:5      | Found a hide-covered altar of Uskayaw.
  4384 | D:5      | Found a radiant altar of Vehumet.
  4669 | D:5      | Gained mutation: You have razor-sharp teeth. [Vine Stalker
                  | growth]
  4669 | D:5      | Reached XP level 8. HP: 39/39 MP: 9/9
  4899 | D:3      | Killed Crazy Yiuf
  5054 | D:6      | Found Piryilue's Jewellery Shop.
  5363 | D:6      | Found a basalt altar of Yredelemnul.
  5825 | D:7      | Noticed a yak
  5825 | D:7      | Noticed a yak
  5825 | D:7      | Noticed a yak
  5835 | D:7      | Noticed a yak
  5845 | D:6      | Killed a yak
  5846 | D:6      | Reached skill level 10 in Long Blades
  5930 | D:7      | Found Bompia's Antique Weapon Emporium.
  5998 | D:7      | Reached XP level 9. HP: 42/43 MP: 10/10
  6004 | D:7      | Identified the +7 mace "Marog" {vorpal, Dex+4 Stlth+}
  6131 | D:7      | Found a staircase to the Ecumenical Temple.
  6206 | Temple   | Entered the Ecumenical Temple
  6269 | Temple   | Became a worshipper of Makhleb the Destroyer
  6302 | D:7      | Reached skill level 1 in Invocations
  6567 | D:8      | Found a sparkling altar of Nemelex Xobeh.
  6571 | D:8      | Found Usag's Elemental Accessories.
  6648 | D:8      | Reached skill level 2 in Invocations
  6749 | D:8      | Reached skill level 3 in Invocations
  6922 | D:8      | Found a stormy altar of Qazlal.
  6965 | D:8      | Identified the +5 chain mail of the Playwright {rC++ Str+4}
  7174 | D:8      | Reached skill level 4 in Invocations
  7253 | D:8      | Reached XP level 10. HP: 38/47 MP: 11/14
  7427 | D:8      | Noticed a two-headed ogre
  7432 | D:8      | Killed a two-headed ogre
  7433 | D:8      | Reached skill level 5 in Invocations
  7559 | D:8      | Reached skill level 6 in Invocations
  7603 | D:8      | Found a blossoming altar of Fedhas.
  8120 | D:9      | Reached * piety under Makhleb
  8211 | D:9      | Found a snail-covered altar of Cheibriados.
  8267 | D:9      | Noticed a kobold demonologist
  8271 | D:9      | Killed a kobold demonologist
  8272 | D:9      | Reached skill level 7 in Invocations
  8601 | D:10     | Entered Level 10 of the Dungeon
  8610 | D:10     | Found a bloodstained altar of Trog.
  8796 | D:10     | Noticed a gargoyle
  8808 | D:10     | Killed a gargoyle
  8898 | D:10     | Reached skill level 8 in Invocations
  8943 | D:10     | Noticed a kobold demonologist
  8944 | D:10     | Noticed a kobold demonologist
  8955 | D:10     | Killed a kobold demonologist
  8956 | D:10     | Reached XP level 11. HP: 51/51 MP: 18/18
  8960 | D:10     | Reached skill level 9 in Invocations
  9123 | D:10     | Noticed an oklob plant
  9126 | D:10     | Found a staircase to the Lair.
  9197 | D:10     | Found a transporter.
  9201 | D:10     | Noticed Spaninq's ghost (novice TrWr)
  9217 | D:10     | Found a transporter.
  9277 | D:10     | Noticed Urug
  9289 | D:10     | Killed Urug
  9289 | D:10     | Reached ** piety under Makhleb
  9290 | D:10     | Reached skill level 10 in Invocations
  9334 | D:10     | Noticed a two-headed ogre
  9340 | D:10     | Killed a two-headed ogre
  9661 | D:11     | Noticed Erolcha
  9671 | D:11     | Killed Erolcha
  9672 | D:11     | Reached skill level 11 in Invocations
  9705 | D:11     | Found a frozen archway.
  9714 | IceCv    | Entered an ice cave
 10448 | D:11     | Reached XP level 12. HP: 56/56 MP: 21/21
 10619 | D:11     | Reached *** piety under Makhleb
 10661 | D:11     | Found a staircase to the Orcish Mines.
 10898 | D:11     | Noticed Harold
 10911 | D:11     | Killed Harold
 10933 | D:11     | Found a runed translucent gate.
 10933 | D:11     | Found a runed translucent gate.
 10934 | D:11     | Found an opulent altar of Gozag.
 10935 | D:11     | Found a runed translucent gate.
 11047 | D:11     | Reached skill level 12 in Invocations
 11059 | D:11     | Found Witer's Assorted Antiques.
 11059 | D:11     | Noticed bearlyready's ghost (journeyman GnCA)
 11059 | D:11     | Noticed a fire dragon
 11346 | Lair:1   | Entered Level 1 of the Lair of Beasts
 12111 | Lair:2   | Noticed a death yak
 12111 | Lair:2   | Noticed a death yak
 12114 | Lair:2   | Noticed a death yak
 12116 | Lair:2   | Noticed a death yak
 12117 | Lair:2   | Noticed a death yak
 12117 | Lair:2   | Noticed a death yak
 12137 | Lair:1   | Killed a death yak
 12140 | Lair:1   | Killed a death yak
 12231 | Lair:1   | Killed a death yak
 12236 | Lair:1   | Killed a death yak
 12249 | Lair:1   | Killed a death yak
 12249 | Lair:1   | Reached **** piety under Makhleb
 12287 | Lair:2   | Killed a death yak
 12311 | Lair:2   | Reached skill level 13 in Invocations
 12339 | Lair:2   | Reached XP level 13. HP: 59/59 MP: 20/23
 12419 | Lair:2   | Noticed Fannar
 12444 | Lair:2   | Killed Fannar
 12445 | Lair:2   | Reached skill level 5 in Shields
 12975 | Lair:3   | Reached skill level 5 in Armour
 13846 | Lair:4   | Found a runed translucent gate.
 13847 | Lair:4   | Found a runed translucent gate.
 14016 | Lair:4   | Reached skill level 14 in Invocations
 14210 | D:10     | Killed Spaninq's ghost
 14231 | D:10     | Identified 2 scrolls of acquirement
 14867 | D:11     | Upgraded the game from 0.28-a0-381-g937acc2988 to
                  | 0.28-a0-384-g9e0c098162
 14889 | D:11     | Killed a fire dragon
 14922 | D:11     | Killed bearlyready's ghost
 15217 | Lair:4   | Found a runed translucent gate.
 15279 | Lair:4   | Noticed a quicksilver ooze
 15279 | Lair:4   | Noticed Xutikh's ghost (journeyman SpCA)
 15297 | Lair:4   | Reached XP level 14. HP: 59/63 MP: 22/25
 15394 | Lair:4   | Found a staircase to the Swamp.
 15700 | Lair:4   | Found a staircase to the Snake Pit.
 15715 | Lair:4   | Reached skill level 15 in Invocations
 16030 | Lair:4   | Found a viscous altar of Jiyva.
 16782 | Lair:5   | You fall into a shaft and drop 1 floor!
 16782 | Lair:6   | Entered Level 6 of the Lair of Beasts
 17186 | Lair:6   | Reached skill level 16 in Invocations
 17279 | Lair:6   | Reached XP level 15. HP: 36/67 MP: 24/28
 17575 | Lair:6   | Noticed Snorg
 17601 | Lair:6   | HP: 2/67 [Snorg (14)]
 17601 | Lair:6   | Demolished by Snorg

Illustrated notes

Levels and vault maps discovered:
D:1:      denvon_arrival_waterhouse, layout_loops_ring, serial_forest,
          infiniplex_forest_straight_1, infiniplex_forest_end_2,
          infiniplex_forest_end_3, infiniplex_forest_end_3,
          infiniplex_forest_straight_3, infiniplex_forest_end_3
D:2:      layout_basic, minmay_joined_circles
D:3:      layout_loops_ring, uniq_ijyb, uniq_crazy_yiuf_cottage
D:4:      layout_loops_ring, nicolae_ru_great_annihilating_truth,
          roderic_roman_lattice, kennysheep_cross_bottleneck
D:5:      layout_basic, nicolae_uskayaw_dance_hall, vehumet_statue
D:6:      layout_loops_ring, mainiacjoe_overflow_paths, serial_shops, shop
D:7:      layout_basic, minmay_temple_entry_hall, serial_shops, shop,
          serial_glass, glass_columns_c, glass_columns_c,
          minmay_strange_pillars, due_unseen_surprise, feat_on_display
D:8:      layout_loops_corners, grunt_temple_overflow_forces_of_nature,
          mainiacjoe_overflow_chevrons, nicolae_elemental_shop
D:9:      layout_irregular_city, slow_altar_1
D:10:     layout_roguey, trog_butcher_becter, dpeg_oklobed_lair,
          gammafunk_ghost_stat_death, uniq_urug
D:11:     layout_layer_cave, david_orc_4, ebering_ghost_gozag,
          portal_ice_cave_demonic_guard, minmay_misc_feat_diagonals,
          minivault_22, mrwooster_statue_mirror, lemuel_flamethrower_2,
          uniq_erolcha, uniq_harold
Temple:   nicolae_temple_god_jail
Lair:1:   layout_long_grid
Lair:2:   layout_long_grid, kennysheep_rathole, uniq_fannar
Lair:3:   layout_regular_city, nicolae_quartered_pool_medium,
          serial_bayou_shore_a
Lair:4:   nzn_motion_control, layout_hall_layers, minmay_swamp_entry_reptiles,
          minmay_snake_entry_six_corridors, gammafunk_ghost_ooze
Lair:5:   layout_gridlike, dpeg_slime_entry_enclosed_altar, lemuel_old_faithful,
          infiniplex_staircase_pool
Lair:6:   wormcave, layout_gridlike, bobbens_dragon_lair_wall, uniq_snorg

Skill      XL: |  1  2  3  4  5  6  7  8  9 10 11 12 13 14 15 |
---------------+----------------------------------------------+-----
Long Blades    | 2 3 4 5 6 8 10 11 12 13 14 | 14.0
Invocations    | 4 8 11 13 14 16 | 16.4
Shields        | 4 6 8 9 |  9.0
Armour         | 4 6 7 8 |  8.2
Fighting       | |  2.6

Action                   |  1- 3 |  4- 6 |  7- 9 | 10-12 | 13-15 || total
-------------------------+-------+-------+-------+-------+-------++-------
Melee: Long sword        |    98 |   199 |   303 |   590 |   738 ||  1928
       Bite              |    21 |    61 |   123 |   255 |   318 ||   778
       Mace              |       |       |    36 |       |       ||    36
Invok: Minor Destruction |       |       |       |    13 |    34 ||    47
       Lesser Servant of |       |       |       |     1 |    18 ||    19
Evoke: Wand              |       |       |       |     3 |       ||     3
  Use: Scroll            |       |       |       |    22 |     7 ||    29
       Potion            |       |       |       |     1 |       ||     1
 Stab: Distracted        |       |       |       |       |     5 ||     5
       Petrifying        |       |       |       |       |     1 ||     1
       Petrified         |       |       |       |       |     1 ||     1
Armor: Scale mail        |    52 |    62 |     8 |       |       ||   122
       Chain mail        |       |       |    85 |   262 |   498 ||   845
       Plate armour      |       |       |    53 |       |       ||    53
       Crystal plate arm |       |       |       |    26 |       ||    26
Dodge: Dodged            |    53 |    90 |    90 |   176 |   246 ||   655
       Repelled          |       |     1 |     3 |     4 |    10 ||    18
Block: Buckler           |    21 |    44 |    48 |   101 |       ||   214
       Kite shield       |       |       |       |    26 |   414 ||   440

Table legend: (Time is in decaauts)
 A = Elapsed time spent in this place.
 B = Non-inter-level travel time spent in this place.
 C = Inter-level travel time spent in this place.
 D = Time resting spent in this place.
 E = Time spent auto-exploring this place.
 F = Levels seen in this place.
 G = Mean time per level.
                   A        B        C        D        E       F      G
               +--------+--------+--------+--------+--------+-----+--------+
         Total |  17455 |  16724 |    731 |    186 |  12542 |  19 |  918.7 |
       Dungeon |  11617 |  11132 |    485 |     52 |   8677 |  11 | 1056.1 |
        Temple |     84 |     84 |      0 |      0 |     24 |   1 |   84.0 |
          Lair |   5289 |   5043 |    246 |     13 |   3713 |   6 |  881.5 |
      Ice Cave |    465 |    465 |      0 |    120 |    128 |   1 |  465.0 |
               +--------+--------+--------+--------+--------+-----+--------+

Top non-repeatable levels by time:
    D:11: 1839 daAuts
     D:1: 1714 daAuts
     D:8: 1220 daAuts
    D:10: 1213 daAuts
  Lair:4: 1195 daAuts
     D:4: 1148 daAuts
  Lair:1: 984 daAuts
  Lair:3: 911 daAuts
     D:2: 863 daAuts
     D:6: 805 daAuts
     D:9: 805 daAuts
  Lair:6: 774 daAuts
  Lair:5: 728 daAuts
  Lair:2: 696 daAuts
     D:3: 679 daAuts
